 Dungeon Crawl Stone Soup version 0.27-b1-42-g19c61b19a5 (webtiles) character file.

Game seed: 1979437816746821342

582 ZARRMARR the Shield-Bearer (level 7, -7/60 HPs)
             Began as a Minotaur Fighter on July 29, 2021.
             Was a Follower of Okawaru.
             Killed by nerve-wracking pain
             ... invoked by Menkaure
              (11 damage)
             ... on level 4 of the Dungeon.
             The game lasted 00:17:42 (4457 turns).

ZARRMARR the Shield-Bearer (Minotaur Fighter)       Turns: 4457, Time: 00:17:43

Health: -7/60      AC:  8    Str: 23    XL:     7   Next: 14%
Magic:  6/6        EV:  8    Int:  5    God:    Okawaru [*.....]
Gold:   139        SH: 10    Dex:  9    Spells: 6/6 levels left

rFire    . . .     SeeInvis +   a - +0 flail
rCold    . . .     Faith    .   c - +0 kite shield
rNeg     . . .     Spirit   .   b - +0 scale mail
rPois    .         Reflect  .   (helmet restricted)
rElec    .         Harm     .   p - +0 cloak
rCorr    +         Rampage  .   (no gloves)
Will     .....                  (no boots)
Stlth    ..........             (no amulet)
HPRegen  0.20/turn              k - ring of see invisible
MPRegen  0.10/turn              u - ring of resist corrosion

@: no status effects
A: horns 2, retaliatory headbutt
a: Renounce Religion, Heroism


You were on level 4 of the Dungeon.
You worshipped Okawaru.
Okawaru was aware of your devotion.
You visited 1 branch of the dungeon, and saw 4 of its levels.

You collected 139 gold pieces.

Inventory:

Hand Weapons
 a - a +0 flail (weapon)
 d - a +0 dagger of speed
 q - a +2 vorpal spear
Missiles
 e - 89 stones (quivered)
Armour
 b - a +0 scale mail (worn)
 c - a +0 kite shield (worn)
 p - a +0 cloak (worn)
Magical Staves
 i - a staff of death
Jewellery
 k - a ring of see invisible (left hand)
 u - a ring of resist corrosion (right hand)
Scrolls
 j - 2 scrolls of immolation
 m - a scroll of acquirement {unknown}
 o - 3 scrolls of vulnerability
 s - 2 scrolls of identify
 t - a scroll of teleportation {unknown}
Potions
 f - a potion of cancellation {unknown}
 g - a potion of curing {unknown}
 h - 2 potions of attraction
 l - a potion of resistance {unknown}
 n - 2 potions of ambrosia {unknown}
 r - a potion of brilliance {unknown}


   Skills:
 + Level 4.5 Fighting
 + Level 5.0 Maces & Flails
 + Level 3.2 Throwing
 + Level 5.4 Armour
 + Level 1.1 Dodging
 + Level 5.6 Shields


You had 6 spell levels left.
You didn't know any spells.
Your spell library was empty.

Dungeon Overview and Level Annotations

Branches:
Dungeon (4/15)
 Temple: D:4-7

Altars:
Okawaru
Xom
Yredelemnul

Annotations:
D:4 Menkaure, Pikel


Innate Abilities, Weirdness & Mutations

You have a pair of horns on your head.
You reflexively headbutt those who attack you in melee.


Message History

The lemure hits you. The lemure closely misses you.
You block the lemure's attack.
You closely miss the lemure.
The lemure is severely wounded.
The lemure hits you but does no damage. Menkaure hits you!
You block the lemure's attack.
Hit: a) +0 flail
Press: ? - help, Dir - move target, f - Pikel, p - lemure
Aim: Pikel, wielding a +1 whip of freezing and wearing a +0 robe (about 53% to evade your +0 flail)
You sock Pikel!
Pikel is lightly wounded.
Menkaure barely misses you. The lemure hits you.
Pikel hits you with a +1 whip of freezing.
Pikel freezes you. Menkaure closely misses you.
You hit Pikel.
Pikel is moderately wounded.
The lemure closely misses you. You furiously retaliate!
You headbutt the lemure.
Pikel cracks his whip.
Pikel hits you with a +1 whip of freezing.
Pikel freezes you. Menkaure barely misses you.
You barely miss Pikel.
Pikel is moderately wounded.
Menkaure murmurs, "Let me perform the rites..."
Menkaure calls on the powers of darkness!
Pikel convulses!
Your body is wracked with pain!
* * * LOW HITPOINT WARNING * * *
Pikel hits you with a +1 whip of freezing!
* * * LOW HITPOINT WARNING * * *
Pikel freezes you.
* * * LOW HITPOINT WARNING * * *
The lemure hits you.
* * * LOW HITPOINT WARNING * * *
You block Menkaure's attack. Pikel hits you but does no damage.
The lemure closely misses you.
You hit Pikel.
Pikel is severely wounded.
Menkaure gestures at you while chanting.
Pain shoots through your body!
You die...

#....#.......#.##..##
......##.....##......#
##............##..#.....
..........#...#...#.....
..........#.#.#........#
................#.......
##..............##....##
......M.........##......
###5K@...##....##.....
#..55#..####....##...#
......5#### #..### ##.
....... ##.# #...=.. ###
#...... #...... ##.##..


You could see Pikel, 4 lemures and Menkaure (fast).

Vanquished Creatures
  A hornet (D:4)
  A necrophage (D:3)
  A hound (D:4)
  An orc priest (D:3)
  Jessica (D:2)
  An iguana (D:4)
  Robin (D:4)
  6 adders
  2 adder skeletons (D:4)
  3 worms (D:3)
  3 dart slugs
  3 orcs (D:3)
  8 bats
  11 endoplasms
  2 giant cockroaches
  8 goblins
  9 hobgoblins
  11 jackals
  3 kobolds (D:2)
  2 quokkas
  5 ball pythons
  3 frilled lizards
  4 rats
90 creatures vanquished.

Notes
Turn   | Place    | Note
-------+----------+-------------------------------------------
     0 | D:1      | ZARRMARR the Minotaur Fighter began the quest for the Orb.
     0 | D:1      | Reached XP level 1. HP: 19/19 MP: 0/0
    56 | D:1      | Found a faded altar of an unknown god.
   125 | D:1      | Reached XP level 2. HP: 27/27 MP: 1/1
   951 | D:2      | Reached XP level 3. HP: 31/33 MP: 2/2
  1523 | D:2      | Noticed Jessica
  1528 | D:2      | Killed Jessica
  1529 | D:2      | Reached skill level 1 in Throwing
  1529 | D:2      | Reached XP level 4. HP: 23/40 MP: 3/3
  2627 | D:3      | Reached XP level 5. HP: 16/46 MP: 4/4
  2855 | D:3      | Noticed a necrophage
  2866 | D:3      | Killed a necrophage
  3155 | D:3      | Found an iron altar of Okawaru.
  3165 | D:3      | Became a worshipper of Warmaster Okawaru
  3347 | D:3      | Found a shimmering altar of Xom.
  3355 | D:3      | Found a basalt altar of Yredelemnul.
  3479 | D:3      | Reached XP level 6. HP: 45/52 MP: 5/5
  3483 | D:3      | Reached skill level 5 in Shields
  3558 | D:4      | Noticed Robin
  3785 | D:4      | Killed Robin
  3881 | D:4      | Noticed a hornet
  3890 | D:4      | Paralysed by a hornet for 2 turns
  3891 | D:4      | Killed a hornet
  3891 | D:4      | Reached * piety under Okawaru
  3892 | D:4      | Reached skill level 5 in Armour
  3892 | D:4      | Reached skill level 1 in Dodging
  3892 | D:4      | Reached XP level 7. HP: 16/60 MP: 6/6
  4209 | D:4      | Reached skill level 5 in Maces & Flails
  4448 | D:4      | Noticed Menkaure
  4451 | D:4      | Noticed Pikel
  4456 | D:4      | HP: 3/60 [lemure[Pikel] (3)]
  4457 | D:4      | Killed from afar by Menkaure

Illustrated notes

Levels and vault maps discovered:
D:1:      elethiomel_arrival_shortcut, layout_rooms,
          hellmonk_ecumenical_altar_blasted
D:2:      layout_basic, uniq_jessica
D:3:      layout_basic, lemuel_coloured_pillars_altar,
          mainiacjoe_overflow_big_doors
D:4:      layout_cave_pools, uniq_menkaure, uniq_pikel, uniq_robin

Skill      XL: |  1  2  3  4  5  6  7 |
---------------+----------------------+-----
Armour         | 4 5 |  5.4
Shields        | 4 5 |  5.6
Maces & Flails | 3 4 5 |  5.0
Fighting       | 4 |  4.5
Throwing       | 1 2 3 |  3.2
Dodging        | 1 |  1.1

Action                   |  1- 3 |  4- 6 |  7- 9 || total
-------------------------+-------+-------+-------++-------
Melee: Flail             |    80 |   103 |    34 ||   217
       Headbutt          |     8 |    19 |     2 ||    29
Throw: Stone             |    68 |     9 |    15 ||    92
       Boomerang         |     4 |    48 |       ||    52
  Use: Scroll            |     2 |     1 |       ||     3
       Potion            |       |     1 |       ||     1
Armor: Scale mail        |    36 |    54 |     9 ||    99
Dodge: Dodged            |    30 |    50 |    13 ||    93
Block: Kite shield       |    56 |    66 |    20 ||   142
